 Dungeon Crawl Stone Soup version 0.29-a0-451-gfbfa42419e (webtiles) character file.

Game seed: 15797723752800366447

501 happo123 the Ducker (level 7, 0/45 HPs)
             Began as a Djinni Air Elementalist on May 19, 2022.
             Slain by an ufetubus (2 damage)
             ... on level 5 of the Dungeon.
             The game lasted 00:19:42 (4542 turns).

happo123 the Ducker (Djinni Air Elementalist)       Turns: 4542, Time: 00:19:47

Health: 0/45       AC:  3    Str:  7    XL:     7   Next: 40%
Gold:   153        EV: 13    Int: 19    God:
                   SH:  0    Dex: 13

rFire   + + .      SeeInvis .   (no weapon)
rCold   x . .      Faith    .   (no shield)
rNeg    . . .      Spirit   .   t - +0 leather armour
rPois   ∞          Reflect  .   (no helmet)
rElec   .          Harm     .   (no cloak)
rCorr   .          Rampage  .   (no gloves)
Will    .....                   (boots unavailable)
Stlth   ++........              (no amulet)
HPRegen 0.15/turn               (no ring)
MPRegen 0.00/turn               (no ring)

@: flying
A: sickness immunity, fire resistance 2, cold vulnerability 1, float, innate
caster, HP casting, extra vitality 1
a: no special abilities


You were on level 5 of the Dungeon.
You visited 1 branch of the dungeon, and saw 5 of its levels.

You collected 153 gold pieces.

Inventory:

Missiles
 j - 35 stones
Armour
 a - a +0 robe
 t - a +0 leather armour (worn)
Wands
 m - a wand of flame (6)
 o - a wand of iceblast (7)
Scrolls
 b - a scroll of immolation {unknown}
 e - 5 scrolls of teleportation {unknown}
 i - a scroll of fog {unknown}
 k - a scroll of summoning {unknown}
 l - 2 scrolls of identify {unknown}
 p - a scroll of magic mapping {unknown}
 q - a scroll of vulnerability {unknown}
 r - a scroll of blinking {unknown}
 s - a scroll of noise {unknown}
Potions
 c - 3 potions of curing {unknown}
 d - 2 potions of resistance {unknown}
 f - 2 potions of might {unknown}
 g - a potion of brilliance {unknown}
 h - a potion of magic {unknown}
 n - a potion of attraction {unknown}


   Skills:
 + Level 5.0 Dodging
 + Level 4.1 Stealth
 + Level 4.0 Spellcasting


You couldn't memorise any spells.
You knew the following spells:

 Your Spells              Type           Power      Damage    Failure   Level
a - Shock                 Conj/Air       76%        1d7       3%          1
b - Static Discharge      Conj/Air       19%        N/A       6%          2
c - Swiftness             Air            19%        N/A       12%         3
d - Airstrike             Air            9%         N/A       36%         4
e - Sandblast             Erth           38%        2d10      3%          1
f - Passwall              Tmut/Erth      15%        N/A       6%          2
g - Ensorcelled Hibernat  Hex/Ice        38%        N/A       6%          2
Your spell library was empty.

Dungeon Overview and Level Annotations

Branches:
Dungeon (5/15)
 Temple: D:4-7

Altars:
Elyvilon
Nemelex Xobeh
Vehumet
Xom
The Shining One

Annotations:
D:5 Edmund


Innate Abilities, Weirdness & Mutations

You are immune to sickness and miasma.
You are immune to poison.
Your flesh is very heat resistant. (rF++)
You are vulnerable to cold. (rC-)
You float through the air rather than walking.
You learn spells naturally, not from books.
Your magical power is your life essence.
You have superior vitality. (+4 MHP)


Message History

Edmund is lightly wounded.
The lightning grounds out.
The ufetubus is struck by an arc of lightning.
The ufetubus is heavily wounded.
You are struck by an arc of lightning.
The lightning grounds out.
The ufetubus completely misses you. The ufetubus closely misses you. x2
The ufetubus barely misses you. Edmund hits you with a +4 vorpal flail.
Aiming: Throw Flame
Press: ? - help, Shift-Dir - straight line, f/p - Edmund
Aim: Edmund, wielding a +4 vorpal flail and wearing a +0 ring mail (lightly wounded, 72% to hit)
Okay, then.
Aiming: Throw Flame
Press: ? - help, Shift-Dir - straight line, f/p - Edmund
Aim: Edmund, wielding a +4 vorpal flail and wearing a +0 ring mail (lightly wounded, 72% to hit)
The puff of flame misses Edmund.
The ufetubus barely misses you. The ufetubus closely misses you.
Edmund barely misses you.
Aiming: Throw Flame
Press: ? - help, Shift-Dir - straight line, f/p - Edmund
Aim: Edmund, wielding a +4 vorpal flail and wearing a +0 ring mail (lightly wounded, 72% to hit)
The puff of flame hits Edmund.
Edmund is moderately wounded.
The ufetubus completely misses you. The ufetubus closely misses you.
Edmund closely misses you.
The ufetubus hits you but does no damage.
The ufetubus barely misses you.
Aiming: Throw Flame
Press: ? - help, Shift-Dir - straight line, f/p - Edmund
Aim: Edmund, wielding a +4 vorpal flail and wearing a +0 ring mail (moderately wounded, 72% to hit)
The puff of flame hits Edmund.
Edmund is moderately wounded.
The ufetubus completely misses you. The ufetubus barely misses you.
Edmund barely misses you.
Aiming: Iceblast
Press: ? - help, Shift-Dir - straight line, p - Edmund The mass of ice explodes!
The iceblast engulfs Edmund!
Edmund is severely wounded.
The ufetubus hits you. x2; Edmund hits you with a +4 vorpal flail!
* * * LOW HITPOINT WARNING * * *
x2 The ufetubus completely misses you.
The ufetubus hits you.
You die...

## #. #. #. ##
#. .. .
######.###.#...
........)......
#$....@@5......
#.###..####...#
#.. # ....
###.# #. .. #.


You could see Edmund and an ufetubus.

Vanquished Creatures
  An ogre (D:4)
  A bullfrog (D:4)
  A scorpion (D:4)
  3 crimson imps (D:3)
  2 hounds (D:4)
  2 orc wizards (D:4)
  An iguana (D:4)
  An adder (D:2)
  An ufetubus (D:4)
  A worm (D:2)
  4 orcs
  2 bats
  5 endoplasms
  A giant cockroach (D:3)
  5 goblins
  A hobgoblin (D:1)
  4 jackals (D:3)
  2 quokkas
  5 ball pythons
  2 frilled lizards (D:1)
  2 kobolds
  5 rats
52 creatures vanquished.

Notes
Turn   | Place    | Note
-------+----------+-------------------------------------------
     0 | D:1      | happo123 the Djinni Air Elementalist began the quest for
                  | the Orb.
     0 | D:1      | Reached XP level 1. HP: 15/15 MP: 0/0
   394 | D:1      | Reached XP level 2. HP: 16/21 MP: 0/0
   566 | D:1      | Found a faded altar of an unknown god.
   566 | D:1      | Noticed a great orb of eyes
   569 | D:1      | Noticed a shining eye
   569 | D:1      | Noticed an eye of devastation
   569 | D:1      | Noticed a floating eye
  1299 | D:2      | Reached XP level 3. HP: 7/25 MP: 0/0
  1299 | D:2      | Learned a level 1 spell: Sandblast
  1631 | D:2      | Found a glowing golden altar of the Shining One.
  2315 | D:3      | Found a white marble altar of Elyvilon.
  2695 | D:3      | Reached skill level 3 in Dodging
  2695 | D:3      | Found a sparkling altar of Nemelex Xobeh.
  2791 | D:3      | Found a shimmering altar of Xom.
  2799 | D:3      | Reached XP level 4. HP: 25/31 MP: 0/0
  2802 | D:3      | Reached XP level 5. HP: 27/35 MP: 0/0
  2802 | D:3      | Learned a level 2 spell: Passwall
  3363 | D:4      | Reached skill level 4 in Dodging
  3363 | D:4      | Reached XP level 6. HP: 32/40 MP: 0/0
  4072 | D:4      | Reached XP level 7. HP: 4/45 MP: 0/0
  4072 | D:4      | Learned a level 2 spell: Ensorcelled Hibernation
  4522 | D:4      | Reached skill level 5 in Dodging
  4535 | D:4      | Upgraded the game from 0.29-a0-422-gafbd6decc1 to
                  | 0.29-a0-451-gfbfa42419e
  4536 | D:5      | Entered Level 5 of the Dungeon
  4536 | D:5      | Noticed Edmund
  4542 | D:5      | HP: 2/45 [Edmund/+4 vorpal flail (2)]
  4542 | D:5      | Slain by an ufetubus

Illustrated notes

Levels and vault maps discovered:
D:1:      minmay_arrival_solitary_statue, layout_loops_corners,
          hellmonk_ecumenical_altar_watching_god
D:2:      layout_loops_corners, basic_altar
D:3:      layout_basic, nemelex_dance_club_becter, led_xom_imps,
          elyvilon_altar_1
D:4:      layout_loops_ring, vehumet_altar_wand_db
D:5:      layout_loops_corners, riverfiend_overflow_shadow_ancestor,
          uniq_crazy_yiuf_cottage, uniq_prince_ribbit1, uniq_edmund

Skill      XL: |  1  2  3  4  5  6  7 |
---------------+----------------------+-----
Stealth        | 2 3 4 |  4.1
Dodging        | 3 4 5 |  5.0
Spellcasting   | 3 4 |  4.0

Action                   |  1- 3 |  4- 6 |  7- 9 || total
-------------------------+-------+-------+-------++-------
Melee: Unarmed           |     3 |     2 |       ||     5
 Cast: Shock             |    29 |    14 |     1 ||    44
       Static Discharge  |     1 |       |     1 ||     2
       Sandblast         |    19 |    34 |     3 ||    56
Evoke: Wand              |       |     1 |     4 ||     5
Armor: Robe              |     2 |     2 |       ||     4
       Leather armour    |       |       |     1 ||     1
Dodge: Dodged            |    23 |     6 |    17 ||    46

Table legend: (Time is in decaauts)
 A = Elapsed time spent in this place.
 B = Non-inter-level travel time spent in this place.
 C = Inter-level travel time spent in this place.
 D = Time resting spent in this place.
 E = Time spent auto-exploring this place.
 F = Levels seen in this place.
 G = Mean time per level.
                   A        B        C        D        E       F      G
               +--------+--------+--------+--------+--------+-----+--------+
         Total |   4541 |   4249 |    292 |    481 |   3400 |   5 |  908.2 |
       Dungeon |   4541 |   4249 |    292 |    481 |   3400 |   5 |  908.2 |
               +--------+--------+--------+--------+--------+-----+--------+

Top non-repeatable levels by time:
     D:4: 1282 daAuts
     D:1: 1115 daAuts
     D:2: 1071 daAuts
     D:3: 1065 daAuts
     D:5: 5 daAuts
